 Dungeon Crawl Stone Soup version 0.30-b1-2-g02819fbbbe (webtiles) character file.

Game seed: 16138735512806453070

154 ElMinstaer the Cudgeller (level 5, -3/53 HPs)
             Began as a Troll Fighter on May 20, 2023.
             Was a Follower of Makhleb.
             Killed from afar by Ijyb (12 damage)
             ... with an iceblast
             ... on level 2 of the Dungeon.
             The game lasted 00:07:14 (2644 turns).

ElMinstaer the Cudgeller (Troll Fighter)            Turns: 2644, Time: 00:07:15

Health: -3/53      AC:  4    Str: 26    XL:     5   Next: 13%
Magic:  4/4        EV:  8    Int:  4    God:    Makhleb [*.....]
Gold:   162        SH:  7    Dex:  9    Spells: 4/4 levels left

rFire   . . .        a - +0 flail
rCold   . . .        c - +0 kite shield
rNeg    . . .        b - +0 robe
rPois   .            (helmet restricted)
rElec   .            (no cloak)
rCorr   .            (gloves unavailable)
SInv    .            (boots unavailable)
Will    .....        (no amulet)
Stlth   +            (no ring)
HPRegen 1.08/turn    (no ring)
MPRegen 0.09/turn

%: no passive effects
@: no status effects
A: large, unfitting armour, claws 3, regeneration 1, shaggy fur 1, tough skin 1
a: Renounce Religion


You were on level 2 of the Dungeon.
You worshipped Makhleb.
Makhleb was aware of your devotion.
You visited 1 branch of the dungeon, and saw 3 of its levels.

You collected 162 gold pieces.

Inventory:

Hand Weapons
 a - a +0 flail (weapon)
Missiles
 i - 29 stones
 p - 9 poisoned darts (quivered)
 u - 6 atropa-tipped darts
Armour
 b - a +0 robe (worn)
 c - a +0 kite shield (worn)
Wands
 d - a wand of flame (24)
 t - a wand of iceblast (13)
Scrolls
 f - 2 scrolls of enchant armour {unknown}
 g - 2 scrolls of magic mapping {unknown}
 h - a scroll of blinking {unknown}
 k - a scroll of identify {unknown}
 o - a scroll of fog {unknown}
 q - a scroll of teleportation {unknown}
Potions
 e - 2 potions of heal wounds {unknown}
 j - 2 potions of curing
 l - 2 potions of invisibility {unknown}
 m - a potion of haste {unknown}
 n - a potion of flight {unknown}
 r - a potion of attraction {unknown}
 s - a potion of degeneration {unknown}


   Skills:
 + Level 3.3 Fighting
 * Level 4.1 Maces & Flails
 - Level 2.4 Dodging
 - Level 2.6 Shields


You had 4 spell levels left.
You didn't know any spells.
Your spell library contained the following spells:

 Spells                   Type           Power      Damage    Failure   Level
 Blink                    Tloc           0%         N/A       88%         2
 Dazzling Flash           Conj/Hex       0%         N/A       98%         3
 Ozocubu's Armour         Ice            0%         N/A       98%         3
 Manifold Assault         Tloc           0%         N/A       100%        4
 Summon Ice Beast         Ice/Summ       0%         N/A       100%        4
 Agony                    Necr           0%         N/A       100%        5
 Metabolic Englaciation   Hex/Ice        0%         N/A       100%        5
 Silence                  Hex/Air        0%         N/A       100%        5
 Summon Mana Viper        Hex/Summ       0%         N/A       100%        5
 Simulacrum               Ice/Necr       0%         N/A       100%        6
 Monstrous Menagerie      Summ           0%         N/A       100%        7
 Storm Form               Tmut/Air       0%         N/A       100%        7


Dungeon Overview and Level Annotations

Branches:
Dungeon (3/15)

Altars:
Kikubaaqudgha
Makhleb

Annotations:
D:2 Ijyb


Innate Abilities, Weirdness & Mutations

You are too large for most types of armour.
You have claws for hands.
Your natural rate of healing is unusually fast.
You are covered in fur. (AC +1)
You have tough skin. (AC +1)


Message History

Ijyb zaps a wand.
The mass of ice explodes!
The iceblast engulfs you!
There is a stone staircase leading up here.
Ijyb hits you with a +3 spectral club. The +3 spectral club hits you!
A +3 spectral club comes into view.
Ijyb attacks as you move away! You block Ijyb's attack.
There is a stone staircase leading up here.
You sock Ijyb!
Ijyb is moderately wounded.
Ijyb hits you with a +3 spectral club!
You block the +3 spectral club's attack.
A +3 spectral club comes into view.
The +3 spectral club hits you. x2; Ijyb hits you with a +3 spectral club.
You block the +3 spectral club's attack.
The +3 spectral club hits you.
You climb upwards.
The +3 spectral club disappears.
There is a stone staircase leading down here.
Ijyb is nearby!
You closely miss Ijyb.
Ijyb is moderately wounded.
Ijyb hits you with a +3 spectral club.
You block the +3 spectral club's attack.
A +3 spectral club comes into view.
The +3 spectral club closely misses you.
Ijyb closely misses you.
The +3 spectral club closely misses you.
The +3 spectral club hits you.
* * * LOW HITPOINT WARNING * * *
Ijyb attacks as you move away! You block Ijyb's attack.
You block the +3 spectral club's attack.
The +3 spectral club attacks as you move away!
The +3 spectral club hits you.
* * * LOW HITPOINT WARNING * * *
The +3 spectral club attacks as you move away!
The +3 spectral club hits you!
* * * LOW HITPOINT WARNING * * *
The +3 spectral club disappears.
You start resting.
Ijyb is nearby!
Ijyb zaps a wand.
The mass of ice explodes!
The iceblast engulfs you!
You die...

######.####...##...............##
# #.# ##.###.#.##.#.......... #
#.# #.......##............ # #.#
##..##.#.##.#..#####.## # #.#
#......g.g>....# #... # #.#
#.#.##.#.#..#.## #### #
#.####.#.##.#......# ##. #
#...^..#.##.###....# #####.# #
#.######>##@# ##.### #.....# #
##.# #.##.# #.# #.###.# #..#
#.##.# #.# #.# ##. #..# #.##.#
#.# ###.##### #..# #.##.####.#
#.....### #..#
#.........###.#.#.##. #..#
####.####..........#. #####..#
#.# #.###.#.#..#. .......# #.#
#..........#.


You could see Ijyb.

Vanquished Creatures
  Robin (D:2)
  4 gnolls
  3 adders
  2 dart slugs (D:1)
  6 ball pythons
  4 endoplasms
  5 giant cockroaches
  10 goblins
  9 hobgoblins
  2 jackals (D:3)
  2 quokkas
  5 bats
  6 frilled lizards
  8 kobolds
  6 rats
73 creatures vanquished.

Notes
Turn   | Place    | Note
-------+----------+-------------------------------------------
     0 | D:1      | ElMinstaer the Troll Fighter began the quest for the Orb.
     0 | D:1      | Reached XP level 1. HP: 22/22 MP: 0/0
    20 | D:1      | Reached skill level 2 in Maces & Flails
    46 | D:1      | Reached XP level 2. HP: 29/29 MP: 1/1
   302 | D:1      | Reached XP level 3. HP: 34/36 MP: 2/2
   620 | D:1      | Reached skill level 3 in Maces & Flails
  1617 | D:2      | Found a faded altar of an unknown god.
  1622 | D:2      | Noticed Robin
  1650 | D:2      | Killed Robin
  1651 | D:2      | Reached XP level 4. HP: 32/45 MP: 3/3
  1664 | D:2      | Prayed at the altar of an unknown god.
  1664 | D:2      | Became a worshipper of Makhleb the Destroyer
  1664 | D:2      | Reached * piety under Makhleb
  2389 | D:3      | Reached skill level 4 in Maces & Flails
  2434 | D:3      | Found an ancient bone altar of Kikubaaqudgha.
  2458 | D:3      | Reached XP level 5. HP: 51/53 MP: 4/4
  2544 | D:3      | Noticed Ijyb
  2557 | D:3      | HP: 2/53 [Ijyb/iceblast (14)]
  2644 | D:2      | Killed from afar by Ijyb

Illustrated notes

Levels and vault maps discovered:
D:1:      minmay_arrival_stair_chambers, layout_basic, patterned_corridor
D:2:      layout_loops_ring, chequers_ecumenical_altar_simple, uniq_robin
D:3:      layout_rooms, mainiacjoe_overflow_concentric_impassable,
          minmay_pentomino_pile, uniq_ijyb

Skill      XL: |  1  2  3  4 |
---------------+-------------+-----
Maces & Flails | 2 3 4 |  4.1
Fighting       | 3 |  3.3
Dodging        | |  2.4
Shields        | |  2.6

Action                     |  1- 3 |  4- 6 || total
---------------------------+-------+-------++-------
  Melee: Flail             |   108 |   112 ||   220
  Throw: Dart              |       |     1 ||     1
    Use: Potion            |     1 |     1 ||     2
 Armour: Robe              |    31 |    39 ||    70
  Dodge: Dodged            |    35 |    51 ||    86
  Block: Kite shield       |    50 |    51 ||   101
